 Dungeon Crawl Stone Soup version 0.13.0-15-g9204fa6 (webtiles) character file.

241 Deemzul the Digger (level 4, -2/27 HPs)
             Began as an Octopode Earth Elementalist on Oct 20, 2013.
             Slain by an orc
             ... wielding a -1,+1 orcish hand axe
              (8 damage)
             ... on Level 3 of the Dungeon.
             The game lasted 00:04:22 (2614 turns).

Deemzul the Digger (Octopode Earth Elementalist)    Turns: 2614, Time: 00:04:22

HP  -2/27        AC  1     Str  7      XL: 4   Next: 83%
MP   4/8         EV 12     Int 18      God:
Gold 136         SH  0     Dex 12      Spells:  3 memorised,  1 level left

Res.Fire  : . . .   See Invis. : .   n - +0,+1 spear (venom)
Res.Cold  : . . .   Warding    : .   (no shield)
Life Prot.: . . .   Conserve   : .   (helmet restricted)
Res.Poison: .       Res.Corr.  : .   (no amulet)
Res.Elec. : .       Clarity    : .   (no ring)
Sust.Abil.: . .     Spirit.Shd : .   (no ring)
Res.Mut.  : .       Stasis     : .   (no ring)
Res.Rott. : .       Flight     : .   (no ring)
Saprovore : . . .                    (no ring)
                                     (no ring)
                                     (no ring)
                                     (no ring)

@: slightly resistant to hostile enchantments, quite stealthy
A: almost no armour, amphibious, 8 rings, constrict 8, camouflage 1, AC +1
a: no special abilities


You were on level 3 of the Dungeon.
You were not hungry.

You visited 1 branch of the dungeon, and saw 3 of its levels.

You collected 116 gold pieces.

Inventory:

Hand weapons
 n - a +0,+1 spear of venom (weapon)
Missiles
 b - 20 stones (quivered)
 p - 5 poisoned darts
Comestibles
 a - a bread ration
 g - 2 meat rations
 t - 3 chunks of orc flesh
Scrolls
 e - 2 scrolls of identify {unknown}
 f - a scroll of amnesia {unknown}
 m - a scroll of remove curse {unknown}
 o - a scroll of fog {unknown}
Potions
 c - 3 potions of heal wounds
 h - 2 potions of confusion {unknown}
 i - a potion of resistance {unknown}
 j - a potion of curing {unknown}
 k - a potion of speed {unknown}
 l - a potion of paralysis {unknown}
 q - a potion of poison {unknown}
 r - a potion of degeneration {unknown}
 s - a potion of cure mutation {unknown}
Books
 d - a book of Geomancy

   Spells                             Type                      Level
   *Sandblast                         Earth                        1
   *Stoneskin                         Transmutation/Earth          2
   *Passwall                          Transmutation/Earth          3
   Stone Arrow                        Conjuration/Earth            3
   Petrify                            Transmutation/Earth          4
   Lee's Rapid Deconstruction         Earth                        5


   Skills:
 - Level 2.0 Dodging
 - Level 2.6 Stealth
 + Level 2.4 Spellcasting
 + Level 1.2 Transmutations
 * Level 4.6 Earth Magic


You had one spell level left.
You knew the following spells:

 Your Spells              Type           Power        Failure   Level  Hunger
a - Sandblast             Erth           ###...       2%          1    #......
b - Passwall              Trmt/Erth      ##........   17%         3    ###....
c - Stoneskin             Trmt/Erth      ##........   10%         2    ##.....


Dungeon Overview and Level Annotations

Branches:
Dungeon (3/27)

Altars:


Innate Abilities, Weirdness & Mutations

You cannot wear most types of armour.
You are amphibious.
You can wear up to eight rings at the same time.
You can use your tentacles to constrict many enemies at once.
Your skin changes colour to match your surroundings (Stlth).
Your rubbery body absorbs attacks (AC +1).


Message History

The orc barely misses you.
Casting: Sandblast
Confirm with . or Enter, or press ? or * to list all spells.
Aiming: Sandblast
Press: ? - help, Shift-Dir - straight line, f/p - orc
Aim: an orc, wielding an orcish hand axe and wearing an orcish ring mail (lightly wounded, constricted by you)
The blast of sand hits the orc.
The orc is lightly wounded.
You constrict the orc, but do no damage.
The orc closely misses you.
Casting: Sandblast
Confirm with . or Enter, or press ? or * to list all spells.
Aiming: Sandblast
Press: ? - help, Shift-Dir - straight line, f/p - orc
Aim: an orc, wielding an orcish hand axe and wearing an orcish ring mail (lightly wounded, constricted by you)
The blast of sand hits the orc.
The orc is lightly wounded.
You constrict the orc.
The orc hits you with an orcish hand axe!
You die...

#. ### #?# ..# ..
...#.# ....#.#.###
.......)...#
......#.#
.......#.#
.......#o#
.......#@#
.....#..#.#######
..................
.....#.#..#......
.^...#.#..#.####.
............#..#.#
............#..#.#
###........#..#.#
....#......<..#.#


You could see an orc.

Vanquished Creatures
  An orc priest (D:3)
  4 adders (D:2)
  An ooze (D:2)
  An orc (D:3)
  4 giant cockroaches
  4 hobgoblins
  3 bats
  3 giant newts (D:2)
  4 goblins
  6 kobolds
  2 quokkas (D:2)
  8 rats
41 creatures vanquished.

Notes
Turn   | Place    | Note
--------------------------------------------------------------
     0 | D:1      | Deemzul, the Octopode Earth Elementalist, began the quest for the Orb.
     0 | D:1      | Reached XP level 1. HP: 11/11 MP: 3/3
   443 | D:1      | Reached XP level 2. HP: 6/17 MP: 4/4
  1257 | D:2      | Reached XP level 3. HP: 11/21 MP: 1/6
  1833 | D:2      | Reached skill level 4 in Earth Magic
  2060 | D:2      | Reached XP level 4. HP: 12/27 MP: 6/8
  2077 | D:2      | Learned a level 3 spell: Passwall
  2080 | D:2      | Learned a level 2 spell: Stoneskin
  2614 | D:3      | Slain by an orc

Action                   |  1- 3 |  4- 6 || total
-------------------------+-------+-------++-------
Melee: Unarmed           |    37 |       ||    37
       Short sword       |     3 |       ||     3
       Spear             |    15 |    26 ||    41
       Sabre             |    11 |       ||    11
 Cast: Sandblast         |    26 |     7 ||    33
  Use: Potion            |     1 |       ||     1
 Stab: Sleeping          |     4 |     1 ||     5
